 Dungeon Crawl Stone Soup version 0.24.0-13-gcf9b3192b9 (webtiles) character file.

Game seed: 2994557431573824798, levelgen mode: deterministic

2587 Arum the Blocker (level 9, 0/75 HPs)
             Began as a Formicid Fighter on Nov 10, 2019.
             Was a Believer of Okawaru.
             Slain by Prince Ribbit (26 damage)
             ... on level 7 of the Dungeon.
             The game lasted 00:07:07 (5387 turns).

Arum the Blocker (Formicid Fighter)                 Turns: 5387, Time: 00:07:08

Health: 0/75       AC:  9    Str: 20    XL:     9   Next: 89%
Magic:  9/9        EV:  9    Int:  9    God:    Okawaru [**....]
Gold:   350        SH: 12    Dex: 13    Spells: 8/8 levels left

rFire    . . .     SeeInvis +   v - +4 quarterstaff (chaos)
rCold    . . .     Gourm    .   c - +0 shield
rNeg     . . .     Faith    .   b - +0 scale mail
rPois    +         Spirit   .   (helmet unavailable)
rElec    .         Reflect  .   w - +1 cloak
rCorr    .         Harm     .   (no gloves)
MR       .....                  (no boots)
Stlth    ..........             (no amulet)
HPRegen  0.22/turn              y - ring of poison resistance
MPRegen  0.11/turn              (no ring)

@: no status effects
A: permanent stasis, dig shafts and tunnels, four strong arms, antennae 3
a: Dig, Shaft Self, Heroism, Renounce Religion


You were on level 7 of the Dungeon.
You worshipped Okawaru.
Okawaru was pleased with you.
You were not hungry.

You visited 2 branches of the dungeon, and saw 8 of its levels.

You collected 350 gold pieces.

Inventory:

Hand Weapons
 a - a +0 quarterstaff
 v - a +4 quarterstaff of chaos (weapon)
Missiles
 l - 5 javelins (quivered)
Armour
 b - a +0 scale mail (worn)
 c - a +0 shield (worn)
 w - a +1 cloak (worn)
Jewellery
 r - an uncursed ring of ice
 y - a ring of poison resistance (left hand)
Wands
 i - a wand of disintegration (6)
 p - a wand of flame (16)
 s - a wand of polymorph (7)
Scrolls
 e - 2 scrolls of remove curse
 g - 2 scrolls of blinking
 j - 11 scrolls of identify
 m - 6 scrolls of teleportation {unknown}
 n - 3 scrolls of enchant armour {unknown}
 o - a scroll of noise {unknown}
 A - 2 scrolls of amnesia {unknown}
 C - a scroll of magic mapping {unknown}
 E - a scroll of enchant weapon
 F - 2 scrolls of fear {unknown}
 G - a scroll of summoning {unknown}
Potions
 d - a potion of might
 h - a potion of heal wounds
 k - 2 potions of flight {unknown}
 q - 2 potions of haste
 t - 2 potions of invisibility
 u - 2 potions of curing {unknown}
 x - a potion of cancellation {unknown}
 z - 2 potions of ambrosia {unknown}
 D - a potion of berserk rage {unknown}
Comestibles
 f - 6 rations
 B - 4 chunks of flesh


   Skills:
 + Level 8.7 Fighting
 + Level 7.6 Staves
 - Level 3.2 Armour
 + Level 9.5 Shields


You had 8 spell levels left.
You didn't know any spells.
Your spell library was empty.

Dungeon Overview and Level Annotations

Branches:
Dungeon (7/15)             Temple (1/1) D:4

Altars:
Ashenzari
Cheibriados
Dithmenos
Fedhas
Kikubaaqudgha
Nemelex Xobeh
Okawaru
Ru
Sif Muna
Trog
Wu Jian
Xom
Zin
The Shining One

Annotations:
D:7 Prince Ribbit


Innate Abilities, Weirdness & Mutations

You cannot be hasted, slowed, berserked, paralysed or teleported.
You can dig through walls and to a lower floor.
Your four strong arms can wield two-handed weapons with a shield.
You have a pair of large antennae on your head. (SInv)


Message History

You block Prince Ribbit's attack.
You bludgeon Prince Ribbit!!
Prince Ribbit goes berserk!
Prince Ribbit is severely wounded.
You block Prince Ribbit's attack.
The crimson imp blinks!
You block Prince Ribbit's attack.
You sock Prince Ribbit!
Prince Ribbit is poisoned.
Prince Ribbit is almost dead.
Prince Ribbit hits you! The adder closely misses you. Prince Ribbit hits you!!
You miss Prince Ribbit.
Prince Ribbit is almost dead.
Prince Ribbit hits you! The adder barely misses you.
You block Prince Ribbit's attack.
You are too injured to fight recklessly!
You are too injured to fight recklessly!
Unknown command.
You hear a loud, deep croak!
Prince Ribbit barely misses you.
A howler monkey zombie comes into view.
Prince Ribbit hits you!!
You die...

######### #######........
........### ###.zz.SF.#
#.#####@######. #
#.......Z. #..######.
##..# .# #...# >.
#.#.######## #.
#.#......... ###.
#.########## #...
..#####.###############.#.


You could see Prince Ribbit (berserk), 2 wights, an adder and a howler monkey
zombie.

Vanquished Creatures
  Eustachio (D:4)
  Menkaure (D:4)
  Edmund (D:4)
  Duvessa (D:4)
  A sky beast (D:5)
  A black bear (D:5)
  An ice beast (D:6)
  6 ogres
  2 centaurs
  Blork the orc (D:5)
  4 bullfrogs
  Dowan (D:4)
  2 scorpions
  A howler monkey (D:6)
  3 orc priests (D:6)
  Crazy Yiuf (D:3)
  A hound (D:6)
  A jelly (D:5)
  Ijyb (D:5)
  Natasha (thrice) (D:3)
  An iguana (D:6)
  An orc wizard (D:4)
  4 worker ants
  2 worker ant zombies
  7 adders
  A gnoll (D:1)
  A shadow imp (D:6)
  An ooze (D:3)
  2 worms
  A dart slug (D:2)
  4 leopard geckos
  7 orcs
  3 ball pythons
  9 bats
  8 giant cockroaches
  9 goblins
  10 hobgoblins
  2 quokkas (D:3)
  6 frilled lizards
  2 jackal zombies
  10 kobolds
  A quokka zombie (D:5)
  10 rats
136 creatures vanquished.

Notes
Turn   | Place    | Note
-------+----------+-------------------------------------------
     0 | D:1      | Arum the Formicid Fighter began the quest for the Orb.
     0 | D:1      | Reached XP level 1. HP: 18/18 MP: 1/1
    24 | D:1      | Reached XP level 2. HP: 18/24 MP: 2/2
   219 | D:1      | Reached skill level 4 in Shields
   336 | D:1      | Reached XP level 3. HP: 30/30 MP: 3/3
   758 | D:2      | Reached XP level 4. HP: 37/37 MP: 4/4
  1382 | D:2      | Reached XP level 5. HP: 43/43 MP: 5/5
  1630 | D:3      | Found an ornate altar of the Wu Jian Council.
  1677 | D:3      | Noticed a bullfrog
  1687 | D:3      | Killed a bullfrog
  1687 | D:3      | Reached skill level 5 in Shields
  1898 | D:3      | Reached XP level 6. HP: 35/49 MP: 6/6
  2033 | D:3      | Noticed Natasha
  2042 | D:3      | Killed Natasha
  2255 | D:3      | Noticed Natasha
  2260 | D:3      | Killed Natasha
  2260 | D:3      | Reached skill level 5 in Fighting
  2331 | D:3      | Found a runed translucent door.
  2332 | D:3      | Noticed Crazy Yiuf
  2358 | D:3      | Killed Crazy Yiuf
  2452 | D:4      | Noticed an ogre
  2457 | D:4      | Killed an ogre
  2491 | D:4      | Noticed an ogre
  2593 | D:4      | Noticed Edmund
  2628 | D:3      | Noticed Natasha
  2634 | D:3      | Killed Natasha
  2634 | D:3      | Reached XP level 7. HP: 45/56 MP: 7/7
  2694 | D:4      | Noticed Eustachio
  2727 | D:4      | Killed Eustachio
  2727 | D:4      | Reached skill level 6 in Shields
  3131 | D:4      | Reached skill level 5 in Staves
  3131 | D:4      | Reached XP level 8. HP: 64/64 MP: 8/8
  3161 | D:4      | Found a staircase to the Ecumenical Temple.
  3164 | D:4      | Noticed Duvessa
  3165 | D:4      | Noticed Dowan
  3167 | Temple   | Entered the Ecumenical Temple
  3201 | Temple   | Became a worshipper of Warmaster Okawaru
  3236 | D:4      | Killed Duvessa
  3236 | D:4      | Reached skill level 7 in Shields
  3242 | D:4      | Killed Dowan
  3444 | D:4      | Noticed Menkaure
  3456 | D:4      | Killed Menkaure
  3761 | D:4      | Reached * piety under Okawaru
  3939 | D:4      | Killed Edmund
  3939 | D:4      | Reached skill level 8 in Shields
  4143 | D:5      | Entered Level 5 of the Dungeon
  4213 | D:5      | Noticed Ijyb
  4216 | D:5      | Killed Ijyb
  4264 | D:5      | Reached XP level 9. HP: 72/72 MP: 9/9
  4389 | D:5      | Reached ** piety under Okawaru
  4485 | D:5      | Noticed Blork the orc
  4493 | D:5      | Killed Blork the orc
  4860 | D:6      | Reached skill level 9 in Shields
  5379 | D:7      | Noticed Prince Ribbit
  5387 | D:7      | Slain by Prince Ribbit

Levels and vault maps discovered:
D:1:      minmay_arrival_four_houses, layout_basic, minmay_strange_pillars
D:2:      layout_basic, first_ration
D:3:      layout_rooms, lemuel_crystal_altar, chequers_decorated_corner,
          minmay_pentomino_pile, uniq_natasha, uniq_crazy_yiuf_cottage
D:4:      layout_gridville, minmay_temple_entry_trees, uniq_duvessa,
          uniq_eustachio, uniq_edmund, uniq_menkaure
D:5:      layout_loops_ring, uniq_ijyb, uniq_blork_the_orc
D:6:      layout_rooms
D:7:      layout_loops_ring, chequers_ossuary_entry_cave, uniq_prince_ribbit1
Temple:   nicolae_temple_the_god_donut

Skill      XL: |  1  2  3  4  5  6  7  8  9 |
---------------+----------------------------+-----
Shields        | 4 5 6 8 9 |  9.5
Fighting       | 4 5 6 7 8 |  8.7
Staves         | 3 4 5 6 7 |  7.6
Armour         | |  3.2

Action                   |  1- 3 |  4- 6 |  7- 9 || total
-------------------------+-------+-------+-------++-------
Melee: Quarterstaff      |    97 |   168 |   209 ||   474
 Abil: Dig               |       |     2 |     2 ||     4
  Use: Potion            |       |     3 |       ||     3
       Scroll            |       |       |     3 ||     3
 Stab: Petrified         |       |       |     1 ||     1
       Confused          |       |       |     1 ||     1
  Eat: Chunk             |       |     6 |     9 ||    15
Armor: Scale mail        |    28 |    69 |    51 ||   148
Dodge: Dodged            |    24 |    63 |    59 ||   146
Block: Shield            |    44 |    91 |    92 ||   227
